 Dungeon Crawl Stone Soup version 0.13.0-13-g27bfa31 (webtiles) character file.

301 Malachi the Grave Robber (level 5, -3/38 HPs)
             Began as a Demigod Necromancer on Oct 19, 2013.
             Slain by a killer bee (8 damage)
             ... on Level 3 of the Dungeon.
             The game lasted 00:03:46 (2376 turns).

Malachi the Grave Robber (Demigod Necromancer)      Turns: 2376, Time: 00:03:46

HP  -3/38        AC  3     Str 13      XL: 5   Next: 18%
MP   8/12        EV 12     Int 20      God:
Gold 110         SH  0     Dex 16      Spells:  2 memorised,  3 levels left

Res.Fire  : . . .   See Invis. : .   o - +0 whip (drain)
Res.Cold  : . . .   Warding    : .   a - +0 robe
Life Prot.: . . .   Conserve   : .   (no shield)
Res.Poison: .       Res.Corr.  : .   v - +0 winged helmet
Res.Elec. : .       Clarity    : .   (no cloak)
Sust.Abil.: . .     Spirit.Shd : .   (no gloves)
Res.Mut.  : .       Stasis     : .   (no boots)
Res.Rott. : .       Flight     : .   (no amulet)
Saprovore : . . .                    (no ring)
                                     (no ring)

@: mildly poisoned, slightly resistant to hostile enchantments, fairly stealthy
A: no striking features
a: no special abilities


You were on level 3 of the Dungeon.
You were hungry.

You visited 1 branch of the dungeon, and saw 3 of its levels.

You collected 90 gold pieces.

Inventory:

Hand weapons
 m - a +0,+0 short sword
 o - a +0,+0 whip of draining (weapon)
Armour
 a - a +0 robe (worn)
 l - a +0 helmet
 v - a +0 winged helmet (worn)
Comestibles
 c - 2 bread rations
 f - a meat ration
 r - an apple
Scrolls
 d - 2 scrolls of identify {unknown}
 e - 2 scrolls of teleportation {unknown}
 h - 2 scrolls of blinking {unknown}
 i - 4 scrolls of remove curse {unknown}
 j - a scroll of random uselessness {unknown}
 n - 3 scrolls of enchant weapon II {unknown}
 p - a scroll of noise {unknown}
 s - a scroll of curse weapon {unknown}
 x - 2 scrolls of enchant armour {unknown}
 y - a scroll of recharging {unknown}
Potions
 g - a potion of speed {unknown}
 k - a potion of heal wounds {unknown}
 q - 2 potions of restore abilities {unknown}
 t - 2 potions of might {unknown}
 u - 3 potions of curing {unknown}
Books
 b - a book of Necromancy

   Spells                             Type                      Level
   *Pain                              Necromancy                   1
   Animate Skeleton                   Necromancy                   1
   *Lethal Infusion                   Charms/Necromancy            2
   Vampiric Draining                  Necromancy                   3
   Regeneration                       Charms/Necromancy            3
   Animate Dead                       Necromancy                   4
   Control Undead                     Necromancy                   4


   Skills:
 * Level 1.3 Maces & Flails
 - Level 1.7 Dodging
 - Level 1.7 Stealth
 - Level 1.0 Spellcasting
 * Level 5.9 Necromancy


You had 3 spell levels left.
You knew the following spells:

 Your Spells              Type           Power        Failure   Level  Hunger
a - Pain                  Necr           ###.         1%          1    ##.....
b - Lethal Infusion       Chrm/Necr      ##........   10%         2    ###....


Dungeon Overview and Level Annotations

Branches:
Dungeon (3/27)


Message History

The killer bee barely misses you.
You closely miss the killer bee.
The killer bee is moderately wounded.
You feel sick.
The killer bee stings you but does no damage.
The killer bee stings you!
* * * LOW HITPOINT WARNING * * *
You are more poisoned.
The killer bee poisons you!
Casting: Lethal Infusion
Confirm with . or Enter, or press ? or * to list all spells.
Aiming: Pain
Press: ? - help, Shift-Dir - straight line, f - killer bee
Aim: a killer bee (moderately wounded)
The killer bee convulses in agony!
* * * LOW HITPOINT WARNING * * *
You feel sick. The killer bee stings you.
* * * LOW HITPOINT WARNING * * *
The killer bee stings you!
You die...

... ..#
#..##.###.## ...#
..# #..##.###.#
.... ..#
#.........### #..#
#.# #.###........
#..# #.# #.#
######### # #?.#
#.# #.# ####.#..#
##.###.#
.#.......###.#.##.#
......k..#.k@.....#
k#.##♣♣♣...###.####
........### #.#
...♣♣♣.# #.#
♣♣......# #.#
!♣.##### #.# ♣. #.#
#.# #.#


You could see a killer bee.

Vanquished Creatures
  2 orc wizards (D:3)
  9 adders
  2 giant mites (D:2)
  2 giant geckos (D:2)
  7 bats
  3 giant cockroaches
  4 hobgoblins (D:1)
  3 giant newts
  6 goblins
  6 kobolds
  6 rats
50 creatures vanquished.

Notes
Turn   | Place    | Note
--------------------------------------------------------------
     0 | D:1      | Malachi, the Demigod Necromancer, began the quest for the Orb.
     0 | D:1      | Reached XP level 1. HP: 14/14 MP: 5/5
   329 | D:1      | Reached skill level 4 in Necromancy
   401 | D:1      | Reached XP level 2. HP: 18/20 MP: 4/6
   411 | D:1      | Learned a level 2 spell: Lethal Infusion
  1334 | D:2      | Reached XP level 3. HP: 22/26 MP: 4/8
  1744 | D:2      | Reached skill level 5 in Necromancy
  1821 | D:2      | Reached skill level 1 in Maces & Flails
  1838 | D:2      | Reached XP level 4. HP: 26/33 MP: 4/11
  2168 | D:3      | Found a deep blue altar of Sif Muna.
  2180 | D:3      | Reached XP level 5. HP: 32/38 MP: 5/12
  2245 | D:3      | Found a burning altar of Makhleb.
  2376 | D:3      | Slain by a killer bee

Action                   |  1- 3 |  4- 6 || total
-------------------------+-------+-------++-------
Melee: Whip              |     8 |     6 ||    14
 Cast: Pain              |    59 |    25 ||    84
       Lethal Infusion   |     1 |     1 ||     2
